AoeStats
← ELBO | Dseko

Nomad

509750390Analyzed
2v2 RM · 3d ago on Sep 27, 2026· 28m 24s· 4 players
Game mode
Random Map
Map size
176×176
Population
200
Speed
Normal
Resources
Standard
Victory
Conquest
Starting age
Dark Age
Ending age
Imperial Age
RankedLock teamsTeams togetherTeam positionsShared explorationLock speedFull tech treeHidden civsTurbo modeCheats
Victory
Defeat
🇵🇪 Mongols · Peru
1389
+12
🇵🇪 Spanish · Peru
1370
+12
🇧🇪 Danes · Belgium
1307
-13
🇬🇧 Persians · United Kingdom
1277
-11
ELBO | Fantozzi
9:37 Loom
12:26 Feudal Age
17:17 Castle Age
18:01 Double-Bit Axe
22:29 Horse Collar
23:01 Demolition Ship
23:57 Medium Warships
24:58 Wheelbarrow
25:25 Fletching
ELBO | Dseko
10:25 Loom
12:40 Feudal Age
14:07 Double-Bit Axe
16:05 Forging
16:54 Scale Barding Armor
18:06 Bloodlines
23:20 Castle Age
23:53 Fletching
24:56 Iron Casting
27:48 Chain Barding Armor
Palmari
4:24 Loom
14:41 Feudal Age
15:12 Fishing Lines
21:23 Castle Age
20:18 Stone Mining
20:37 Double-Bit Axe
22:24 Gillnets
23:52 Scale Mail Armor
[ITBB] RossMichael
5:46 Loom
14:29 Feudal Age
18:43 Castle Age
16:49 Double-Bit Axe
17:45 Fletching
19:09 Padded Archer Armor
19:20 Forging
18:46 Elite Skirmisher
20:45 Bodkin Arrow
28:57 Scale Barding Armor
Connection lost

Rejoining the realm…

Still unreachable

The connection could not be restored.

Session expired

The server has moved on; the page needs a fresh start.